 Dungeon Crawl Stone Soup version 0.27-a0-1139-g28e009f8a6 (webtiles) character file.

Game seed: 15650303843710395247

117 DarkShadow the Skirmisher (level 4, -3/41 HPs)
             Began as a Minotaur Fighter on May 8, 2021.
             Slain by an orc
             ... wielding a +0 trident
              (5 damage)
             ... on level 3 of the Dungeon.
             The game lasted 00:03:04 (2121 turns).

DarkShadow the Skirmisher (Minotaur Fighter)        Turns: 2121, Time: 00:03:04

Health: -3/41      AC:  7    Str: 21    XL:     4   Next: 71%
Magic:  3/3        EV:  8    Int:  5    God:
Gold:   93         SH:  0    Dex: 10    Spells: 3/3 levels left

rFire    . . .     SeeInvis .   a - +0 long sword
rCold    . . .     Faith    .   c - +0 kite shield
rNeg     . . .     Spirit   .   b - +0 scale mail
rPois    .         Reflect  .   (helmet restricted)
rElec    .         Harm     .   (no cloak)
rCorr    .         Rampage  .   (no gloves)
Will     .....                  (no boots)
Stlth    ..........             (no amulet)
HPRegen  0.13/turn              (no ring)
MPRegen  0.08/turn              (no ring)

@: confused
A: horns 2, retaliatory headbutt
a: no special abilities


You were on level 3 of the Dungeon.
You visited 1 branch of the dungeon, and saw 3 of its levels.

You collected 93 gold pieces.

Inventory:

Hand Weapons
 a - a +0 long sword (weapon)
Armour
 b - a +0 scale mail (worn)
 c - a +0 kite shield (worn)
Scrolls
 f - a scroll of vulnerability {unknown}
 l - a scroll of enchant weapon {unknown}
 m - a scroll of magic mapping {unknown}
 n - a scroll of noise {unknown}
Potions
 d - a potion of might
 e - a potion of flight {unknown}
 g - 2 potions of lignification {unknown}
 h - 2 potions of brilliance {unknown}
 i - a potion of curing {unknown}
 j - a potion of attraction {unknown}
 k - a potion of degeneration {unknown}
 o - a potion of haste {unknown}


   Skills:
 + Level 4.7 Fighting
 + Level 3.1 Long Blades
 + Level 4.3 Armour
 + Level 1.8 Dodging
 + Level 4.3 Shields


You had 3 spell levels left.
You didn't know any spells.
Your spell library was empty.

Dungeon Overview and Level Annotations

Branches:
Dungeon (3/15)

Altars:


Innate Abilities, Weirdness & Mutations

You have a pair of horns on your head.
You reflexively headbutt those who attack you in melee.


Message History

Something hits you but does no damage. The rat bites you but does no damage.
The rat barely misses you.
You riposte.
You closely miss the rat. Your headbutt misses the rat.
You block the rat's attack.
The rat twitches its whiskers.
The rat closely misses you. The goblin hits you but does no damage.
You closely miss the rat. Your headbutt misses the rat.
The orc hits you from afar with a +0 trident.
* * * LOW HITPOINT WARNING * * *
The rat bites you but does no damage. You block the goblin's attack.
Something hits you but does no damage. You block the orc's attack.
You hit the rat.
You kill the rat!
You block the goblin's attack. Something hits you.
* * * LOW HITPOINT WARNING * * *
You block the orc's attack.
The orc priest looks encouraged for a moment.
You block the goblin's attack.
You barely miss the orc.
You hear some strange, mumbled words.
A magic dart appears from out of thin air!
The magic dart hits you but does no damage.
The orc barely misses you.
The orc hits you from afar with a +0 trident.
* * * LOW HITPOINT WARNING * * *
The goblin hits you with a +0 dagger.
* * * LOW HITPOINT WARNING * * *
The orc hits you with a +0 falchion.
* * * LOW HITPOINT WARNING * * *
You hear some strange, mumbled words.
You are confused.
The orc hits you but does no damage. The orc closely misses you.
You bump into the rock wall.
The orc hits you with a +0 hand axe.
* * * LOW HITPOINT WARNING * * *
The goblin barely misses you. The orc closely misses you.
Something hits you but does no damage. The orc hits you but does no damage.
The orc hits you from afar with a +0 trident.
You die...

#+# #.# #.##### # #.....#
..#####.###.###########
......)#.##.##........#
........<##.##........#
.######.#{##.#.........#
.........o@o...>.......#
#...####...go#.#.........####
#... #..o.o................
#... ###.oo.##.##............
+....#....#.##'########......
#....#....#.......# #......
#....#...##.......# #......
#................# #......
....#..............# #......


You could see 2 orc priests, 5 orcs and a goblin.

Vanquished Creatures
  An orc wizard (D:3)
  5 adders (D:2)
  A dart slug (D:1)
  An orc (D:3)
  5 endoplasms
  2 giant cockroaches (D:2)
  8 goblins
  4 hobgoblins
  4 kobolds
  4 ball pythons
  3 bats
  3 frilled lizards (D:1)
  6 rats
47 creatures vanquished.

Notes
Turn   | Place    | Note
-------+----------+-------------------------------------------
     0 | D:1      | DarkShadow the Minotaur Fighter began the quest for the
                  | Orb.
     0 | D:1      | Reached XP level 1. HP: 19/19 MP: 0/0
   295 | D:1      | Found a faded altar of an unknown god.
   378 | D:1      | Reached XP level 2. HP: 26/27 MP: 1/1
   768 | D:2      | Reached XP level 3. HP: 25/33 MP: 2/2
   922 | D:2      | Reached skill level 1 in Dodging
  1324 | D:2      | Reached XP level 4. HP: 26/40 MP: 3/3
  2120 | D:3      | HP: 2/41 [orc/+0 falchion (5)]
  2121 | D:3      | Slain by an orc

Illustrated notes

Levels and vault maps discovered:
D:1:      lightli_arrival_chessboard, layout_rooms,
          hellmonk_ecumenical_altar_pennies_from_heaven
D:2:      cheibrodos_old_hovel, layout_basic
D:3:      layout_basic

Skill      XL: |  1  2  3 |
---------------+----------+-----
Fighting       | 4 |  4.7
Shields        | 4 |  4.3
Armour         | 4 |  4.3
Long Blades    | 3 |  3.1
Dodging        | 1 |  1.8

Action                   |  1- 3 |  4- 6 || total
-------------------------+-------+-------++-------
Melee: Long sword        |   101 |    42 ||   143
       Headbutt          |    13 |     4 ||    17
Armor: Scale mail        |    57 |    35 ||    92
Dodge: Dodged            |    28 |    21 ||    49
Block: Kite shield       |    65 |    24 ||    89
       Rpst.: Long sword |     7 |     4 ||    11

Table legend: (Time is in decaauts)
 A = Elapsed time spent in this place.
 B = Non-inter-level travel time spent in this place.
 C = Inter-level travel time spent in this place.
 D = Time resting spent in this place.
 E = Time spent auto-exploring this place.
 F = Levels seen in this place.
 G = Mean time per level.
                   A        B        C        D        E       F      G
               +--------+--------+--------+--------+--------+-----+--------+
         Total |   2191 |   2191 |      0 |    238 |   1552 |   3 |  730.3 |
       Dungeon |   2191 |   2191 |      0 |    238 |   1552 |   3 |  730.3 |
               +--------+--------+--------+--------+--------+-----+--------+

Top non-repeatable levels by time:
     D:2: 1310 daAuts
     D:1: 781 daAuts
     D:3: 98 daAuts
